 Dungeon Crawl Stone Soup version 0.29.1-2-gbd0b4ee654 (webtiles) character file.

Game seed: 1762411893531531932

1250 GorkyZ the Trooper (level 8, -2/97 HPs)
             Began as a Demonspawn Fighter on Nov 22, 2022.
             Slain by a killer bee (3 damage)
             ... on level 7 of the Dungeon.
             The game lasted 00:18:40 (6487 turns).

GorkyZ the Trooper (Demonspawn Fighter)             Turns: 6487, Time: 00:18:43

Health: -2/97      AC: 24    Str: 18    XL:     8   Next: 26%
Magic:  8/8        EV:  2    Int: 11    God:
Gold:   457        SH:  5    Dex: 12    Spells: 7/7 levels left

rFire   . . .      SeeInvis .   a - +0 war axe
rCold   . . .      Faith    .   c - +0 buckler
rNeg    . . .      Spirit   .   (body armour currently unavailable)
rPois   +          Reflect  .   (helmet currently unavailable)
rElec   .          Harm     .   (cloak currently unavailable)
rCorr   .          Rampage  .   (gloves currently unavailable)
Will    +....      NoTele   +   (boots currently unavailable)
Stlth   +.........              (no amulet)
HPRegen 0.26/turn               f - +4 ring of evasion
MPRegen 0.11/turn               n - ring of willpower

@: lethally poisoned (-2 -> -4), tree-form
A: stationary, stasis, torment immunity, boosted hp, rugged brown scales 3,
(weakness stinger 2)
a: no special abilities


You were on level 7 of the Dungeon.
You were a tree.
You visited 1 branch of the dungeon, and saw 7 of its levels.

You collected 457 gold pieces.

Inventory:

Hand Weapons
 a - a +0 war axe (weapon)
Missiles
 p - 2 silver javelins
 q - 3 throwing nets (quivered)
 s - 2 javelins
 t - 10 poisoned darts
 C - 3 atropa-tipped darts
Armour
 b - a +0 scale mail
 c - a +0 buckler (worn)
 e - a +0 plate armour of poison resistance (melded)
 j - a +0 pair of gloves (melded)
Jewellery
 f - a +4 ring of evasion (left branch)
 l - the ring "Trusted Companion" {Ice Fly Will++ Slay-3 SInv}
   (You found it on level 2 of the Dungeon)

   [ring of ice]

   It enhances your ice magic.
   Slay:      It affects your accuracy & damage with ranged weapons and melee
   (-3).
   rF:        It makes you vulnerable to fire.
   rC:        It protects you from cold.
   SInv:      It lets you see invisible.
   Fly:       It grants you flight.
   Will:      It greatly increases your willpower.
 n - a ring of willpower (right branch)
Wands
 r - a wand of iceblast (4)
 y - a wand of flame (54)
 B - a wand of quicksilver (6)
Scrolls
 g - 3 scrolls of vulnerability
 u - 2 scrolls of teleportation
 w - a scroll of torment {unknown}
 z - 4 scrolls of identify
 A - a scroll of fog {unknown}
Potions
 d - a potion of might
 h - 2 potions of flight
 i - 2 potions of curing {unknown}
 k - 4 potions of attraction
 m - 2 potions of magic
 v - a potion of invisibility


   Skills:
 + Level 4.8 Fighting
 + Level 3.7 Axes
 + Level 3.2 Throwing
 + Level 4.3 Armour
 + Level 3.2 Dodging
 + Level 4.3 Shields
 + Level 3.3 Evocations


You had 7 spell levels left.
You didn't know any spells.
Your spell library contained the following spells:

 Spells                   Type           Power      Damage    Failure   Level
 Apportation              Tloc           0%         N/A       41%         1
 Beastly Appendage        Tmut           0%         N/A       41%         1
 Necrotise                Necr           0%         1d4       41%         1
 Summon Small Mammal      Summ           0%         N/A       41%         1
 Poisonous Vapours        Pois/Air       0%         N/A       56%         2
 Wereblood                Tmut           0%         N/A       56%         2
 Call Canine Familiar     Summ           0%         N/A       80%         3
 Portal Projectile        Hex/Tloc       0%         N/A       80%         3
 Spider Form              Tmut/Pois      0%         N/A       80%         3
 Corpse Rot               Necr/Pois/Air  0%         N/A       99%         4
 Leda's Liquefaction      Hex/Erth       0%         N/A       99%         4


Dungeon Overview and Level Annotations

Branches:
Dungeon (7/15)
 Temple: D:4-7

Altars:
Nemelex Xobeh
Ru
Uskayaw

Shops:
D:1 :

Annotations:
D:4 2 runed translucent doors, peterlawrence's ghost, amateur MiFi
D:6 3 runed translucent doors, yodak's ghost, novice MiBe


Innate Abilities, Weirdness & Mutations

You are a tree.
Your roots penetrate the ground, keeping you stationary.
You cannot be teleported.
You are immune to unholy pain and torment.
Your maximum health is greatly increased.
Your equipment is partially melded.
(You are completely covered in rugged brown scales. (AC +3, +7% HP))
((You have a tail ending in a sharp stinger.))


Message History

The killer bee is almost dead.
You feel sick.
You are no longer poisoned.
The killer bee stings you but does no damage. x2
You block the killer bee's attack.
You cannot teleport because you are held in place by your roots.
Okay, then.
As you read the scroll of fear, it crumbles to dust.
You assume a fearsome visage.
The killer bee looks frightened! x3
Cornered, the killer bee turns to fight!
You cannot move.
The killer bee barely misses you.
The killer bee stings you but does no damage.
The killer bee stings you!
* * * LOW HITPOINT WARNING * * *
You closely miss the killer bee.
The killer bee is moderately wounded.
You block the killer bee's attack.
The killer bee stings you but does no damage.
The killer bee stings you.
* * * LOW HITPOINT WARNING * * *
You barely miss the killer bee.
The killer bee is moderately wounded.
The killer bee stings you but does no damage. x2
The killer bee stings you.
* * * LOW HITPOINT WARNING * * *
You are lethally poisoned!
The killer bee poisons you!
You barely miss the killer bee.
The killer bee is moderately wounded.
* * * LOW HITPOINT WARNING * * *
You feel sick.
The killer bee stings you but does no damage. x2
You hit the killer bee.
The killer bee is moderately wounded.
* * * LOW HITPOINT WARNING * * *
You feel sick.
The killer bee stings you but does no damage. x2
The killer bee stings you.
You die...

##### ##...## ##.###.## ##
##.## ##.## ##... ####.##
##.##### #.#.# ..#.#
#..♣yy##....# ###.#.##
##.###y#.....#
##...##)#####.##.........##
#.....)......###....y#....#
#.8...8...8.## #...§!.y....
#...#...#...# #.....#....#
...###)###.### #....>#+#.##
#...#...#....########. #
..8...8...8...(. ..


You could see 5 killer bees.

Vanquished Creatures
  Menkaure (D:5)
  A black bear (D:5)
  2 centaurs (D:5)
  A necrophage (D:6)
  2 scorpions
  6 wights
  A killer bee (D:7)
  2 hounds
  A jelly (D:5)
  An iguana (D:5)
  3 gnolls (D:4)
  9 adders
  A shadow imp (D:5)
  An ufetubus (D:5)
  3 worms
  2 dart slugs
  5 orcs
  8 ball pythons
  6 bats
  7 endoplasms
  2 giant cockroaches
  10 goblins
  7 hobgoblins
  6 kobolds
  11 quokkas
  2 frilled lizards (D:1)
  5 rats
106 creatures vanquished.

Notes
Turn   | Place    | Note
-------+----------+-------------------------------------------
     0 | D:1      | GorkyZ the Demonspawn Fighter began the quest for the Orb.
     0 | D:1      | Reached XP level 1. HP: 18/18 MP: 1/1
   269 | D:1      | Found Zuhedaikk's Book Boutique.
   293 | D:1      | Gained mutation: You are partially covered in rugged brown
                  | scales. (AC +1, +3% HP) [demonic ancestry]
   293 | D:1      | Reached XP level 2. HP: 18/24 MP: 2/2
   910 | D:1      | Reached XP level 3. HP: 26/29 MP: 3/3
  1218 | D:2      | Identified the ring "Trusted Companion" {Ice Fly Will++
                  | Slay-3 SInv}
  1400 | D:2      | Reached skill level 1 in Dodging
  1460 | D:2      | Found a faded altar of an unknown god.
  1683 | D:2      | Reached skill level 1 in Evocations
  1683 | D:2      | Gained mutation: You have a small tail. [demonic ancestry]
  1683 | D:2      | Reached XP level 4. HP: 27/36 MP: 4/4
  1984 | D:3      | Reached skill level 1 in Throwing
  2634 | D:4      | Found a large runed translucent door.
  2634 | D:4      | Found a large runed translucent door.
  2733 | D:4      | Found a sacrificial altar of Ru.
  2946 | D:4      | Noticed a scorpion
  2957 | D:4      | Killed a scorpion
  2958 | D:4      | Gained mutation: You have a tail ending in a sharp stinger.
                  | [demonic ancestry]
  2958 | D:4      | Reached XP level 5. HP: 36/43 MP: 5/5
  4068 | D:4      | Noticed peterlawrence's ghost (amateur MiFi)
  4096 | D:5      | Entered Level 5 of the Dungeon
  4120 | D:5      | Gained mutation: You are mostly covered in rugged brown
                  | scales. (AC +2, +5% HP) [demonic ancestry]
  4120 | D:5      | Reached XP level 6. HP: 43/50 MP: 6/6
  4658 | D:5      | Reached XP level 7. HP: 33/56 MP: 7/7
  4797 | D:5      | Found a hide-covered altar of Uskayaw.
  4978 | D:5      | Noticed Menkaure
  4992 | D:5      | Killed Menkaure
  5373 | D:6      | Found a runed translucent gate.
  5373 | D:6      | Noticed yodak's ghost (novice MiBe)
  5376 | D:6      | Noticed a troll
  5619 | D:6      | Found a runed translucent gate.
  5619 | D:6      | Found a runed translucent gate.
  5692 | D:6      | Found a sparkling altar of Nemelex Xobeh.
  6037 | D:6      | Gained mutation: You are completely covered in rugged brown
                  | scales. (AC +3, +7% HP) [demonic ancestry]
  6037 | D:6      | Reached XP level 8. HP: 45/64 MP: 8/8
  6484 | D:7      | HP: 4/97 [killer bee (4)]
  6487 | D:7      | HP: 1/97 [poisoned by a killer bee]
  6487 | D:7      | Slain by a killer bee

Illustrated notes

Levels and vault maps discovered:
D:1:      lemuel_arrival_broad_hall, layout_rooms, serial_shops,
          nicolae_shop_stone, chequers_serial_rivers_marsh,
          grunt_decor_arrowhead, chequers_garden
D:2:      layout_loops_cross, shapermc_ecumenical_altar_mp_vishouse,
          grunt_decor_resistance
D:3:      layout_basic, dreamdust_wishing_well
D:4:      layout_layer_cave, mainiacjoe_overflow_24_doors,
          gup_sewer_entry_spiral, ebering_ghost_disaster_area,
          nicolae_ossuary_entry_false_entrances
D:5:      layout_rooms, gammafunk_temple_overflow_elements, uniq_menkaure
D:6:      layout_cave_pools, nemelex_diamond_rough_becter,
          gammafunk_ghost_split, patterned_corridor
D:7:      layout_loops_corners, minmay_temple_entry_mist,
          minmay_misc_feat_diagonals, minmay_misc_feat_four_crosses

Skill      XL: |  1  2  3  4  5  6  7 |
---------------+----------------------+-----
Axes           | 2 3 |  3.7
Shields        | 3 4 |  4.3
Armour         | 3 4 |  4.3
Dodging        | 1 2 3 |  3.2
Evocations     | 1 2 3 |  3.3
Throwing       | 1 2 3 |  3.2
Fighting       | 4 |  4.8

Action                   |  1- 3 |  4- 6 |  7- 9 || total
-------------------------+-------+-------+-------++-------
Melee: War axe           |   152 |   169 |    85 ||   406
       Tailslap          |       |    19 |    11 ||    30
Throw: Boomerang         |       |    19 |       ||    19
       Javelin           |       |     2 |     3 ||     5
       Throwing net      |       |       |     2 ||     2
  Use: Scroll            |       |     8 |     3 ||    11
       Potion            |       |       |     2 ||     2
Armor: Scale mail        |     8 |       |       ||     8
       Plate armour      |    98 |   141 |    64 ||   303
       Skin              |       |       |    11 ||    11
Dodge: Dodged            |    78 |    98 |    78 ||   254
Block: Buckler           |    43 |    44 |    27 ||   114
